 Dungeon Crawl Stone Soup version 0.16.1-4-g8e1b745 (webtiles) character file.

1402 RobertPalmer the Cleaver (level 9, -6/64 HPs)
             Began as a Formicid Fighter on Mar 27, 2015.
             Mangled by a decayed bog body (8 damage)
             ... in an ossuary.
             The game lasted 00:09:34 (5712 turns).

RobertPalmer the Cleaver (Formicid Fighter)         Turns: 5712, Time: 00:09:34

Health: -6/64      AC: 14    Str: 20    XL:     9   Next: 1%
Magic:  12/12      EV:  4    Int: 14    God:    Xom [..*...]
Gold:   235        SH:  9    Dex: 13    Spells: 0 memorised, 8 levels left

rFire  . . .     SeeInvis +     a - +1 war axe (curse)
rCold  . . .     Clarity  +     B - +0 plate armour
rNeg   . . .     SustAb   .     c - +0 shield
rPois  +         Gourm    .     (helmet unavailable)
rElec  .         Spirit   .     t - +0 cloak
rCorr  .         Warding  .     g - +1 pair of gloves
rMut   .         Stasis   +     (no boots)
MR     .....                    h - amulet of clarity {Clar, !d}
Stlth  ..........               i - ring of poison resistance {rPois, !d}
                                m - ring of stealth {Stlth+}

@: brilliant, not resistant to hostile enchantments, extremely unstealthy
A: permanent stasis, dig shafts and tunnels, four strong arms, antennae 3
a: Dig, Shaft Self, Renounce Religion


You were in an ossuary.
You worshipped Xom.
You were a toy of Xom.
You were not hungry.

You visited 2 branches of the dungeon, and saw 7 of its levels.
You also visited: Ossuary.

You collected 235 gold pieces.

Inventory:

Hand weapons
 a - a cursed +1 war axe (weapon)
Armour
 c - a +0 shield (worn)
 g - a +1 pair of gloves (worn)
   (You found it on level 1 of the Dungeon)
 t - a +0 cloak (worn)
   (You took it off Crazy Yiuf on level 2 of the Dungeon)
 B - a +0 plate armour (worn)
   (You took it off an orc warrior on level 4 of the Dungeon)
Jewellery
 h - an amulet of clarity (around neck) {Clar, !d}
   (You found it on level 1 of the Dungeon)
 i - a ring of poison resistance (right hand) {rPois, !d}
   (You found it on level 2 of the Dungeon)
 m - a ring of stealth (left hand) {Stlth+}
   (You found it on level 2 of the Dungeon)
 r - an uncursed ring of flight {+Fly, !d}
   (You took it off a gnoll on level 2 of the Dungeon)
Scrolls
 k - 3 scrolls of fog
 l - 2 scrolls of remove curse
 s - a scroll of fear {unknown}
 x - a scroll of recharging
Potions
 b - a potion of invisibility
 e - a potion of might
 j - a potion of agility
 n - a potion of magic
 u - a potion of poison
Books
 o - a book of Cantrips
   (You found it on level 2 of the Dungeon)
Comestibles
 d - 6 bread rations {@e1}
 f - 2 meat rations {@e2}
 p - a slice of pizza
 w - 7 fruits


   Skills:
 - Level 3.2 Fighting
 + Level 10.5 Axes
 - Level 3.2 Armour
 - Level 3.6 Shields


You had 8 spell levels left.
You didn't know any spells.

Dungeon Overview and Level Annotations

Branches:
Dungeon (6/15)             Temple (1/1) D:4

Altars:
Ashenzari
Dithmenos
Gozag
Kikubaaqudgha
Makhleb
Nemelex Xobeh
Okawaru
Ru
Trog
Vehumet
Xom
The Shining One

Annotations:
D:3 1 exclusion


Innate Abilities, Weirdness & Mutations

You are under a permanent stasis effect.
You can dig through walls and to a lower floor.
Your four strong arms can wield two-handed weapons with a shield.
You have a pair of large antennae on your head (SInv).


Message History

The hobgoblin hits you but does no damage.
You closely miss the hobgoblin. You block the hobgoblin's attack.
You hit the hobgoblin.
The hobgoblin hits you but does no damage.
You closely miss the hobgoblin. You block the hobgoblin's attack.
You hit the hobgoblin.
You kill the hobgoblin!
Found a stone staircase leading down.
Things that are here:
a ring mail; a hobgoblin corpse An adder skeleton comes into view.
Found a cloak.
Found a sand-covered staircase.
The adder skeleton bites you but does no damage.
You hit the adder skeleton. You block the adder skeleton's attack.
You hit the adder skeleton but do no damage.
You block the adder skeleton's attack.
You hit the adder skeleton. You block the adder skeleton's attack.
The adder skeleton bites you but does no damage.
You closely miss the adder skeleton.
The adder skeleton bites you but does no damage.
You barely miss the adder skeleton. The adder skeleton barely misses you.
You hit the adder skeleton. You block the adder skeleton's attack.
Your shield and plate armour prevent you from hitting the adder skeleton.
The adder skeleton barely misses you.
You hit the adder skeleton.
The adder skeleton bites you but does no damage.
You hit the adder skeleton!
You destroy the adder skeleton!
There is a sand-covered staircase here.
The world spins around you as you enter the gateway.
Welcome to an ossuary!
Xom makes a sudden noise!
You hear the wailing of sirens.
Found a gate leading back out of this place.
There is an empty arch of ancient stone here.
You start resting.
You sense a monster nearby.
You start resting.
You sense a monster nearby.
Unknown command.
A decayed bog body opens the door.
A decayed bog body comes into view.
You hit the decayed bog body!
The decayed bog body casts a spell at you.
Your stasis keeps you stable.
You hit the decayed bog body!
You destroy the decayed bog body!
The decayed bog body mumbles some strange words.
You smell decay.
A decayed bog body comes into view.
A decayed bog body comes into view.
The decayed bog body casts a spell at you.
You easily resist.
The decayed bog body hits you.
* * * LOW HITPOINT WARNING * * *
The decayed bog body touches you but does no damage.
There is an open door here.
You take 5 damage, and have 16/58 hp.
Unknown command.
Drink which item? (? for menu, Esc to quit)
It was a potion of curing.
You feel better.
Xom roars with laughter!
You regained 5 hp, and now have 21/58 hp.
The decayed bog body hits you but does no damage.
The decayed bog body touches you but does no damage.
You block the decayed bog body's attack. x2
The decayed bog body hits you but does no damage.
The decayed bog body touches you but does no damage.
There is an open door here.
Unknown command.
The decayed bog body gestures at you while chanting.
The puff of frost hits you!
You hit the decayed bog body! You hit the decayed bog body.
The decayed bog body hits you!
* * * LOW HITPOINT WARNING * * *
You block the decayed bog body's attack.
The decayed bog body hits you!
* * * LOW HITPOINT WARNING * * *
The decayed bog body barely misses you.
You take 16 damage, and have 5/58 hp.
MASSIVE DAMAGE!!
You hit the decayed bog body.
You destroy the decayed bog body!
You have reached level 9!
Your experience leads to an increase in your attributes!
Increase (S)trength, (I)ntelligence, or (D)exterity?
You feel agile.
You hit the decayed bog body!
MP restored: 12 Drink which item? (? for menu, Esc to quit)
It was a potion of brilliance.
You feel clever all of a sudden.
The decayed bog body hits you but does no damage.
The decayed bog body touches you but does no damage.
Drink which item? (? for menu, Esc to quit)
It was a potion of ambrosia.
You feel momentarily confused.
You feel briefly invigorated.
You block the decayed bog body's attack.
The decayed bog body touches you.
* * * LOW HITPOINT WARNING * * *
The decayed bog body freezes you!
You die...

### ## #≈≈# {
{#.#.≈.#
+#+#+#≈≈≈≈.###
.........≈≈.'.#
##n## {#.n@#
#.∩.# {#∩..#
##### {


You could see 2 decayed bog bodies.

Vanquished Creatures
  Menkaure (D:6)
  An orc warrior (D:4)
  An ogre (D:3)
  A centaur (D:5)
  Sigmund (D:2)
  A scorpion (D:4)
  2 bog bodies (Ossuary)
  2 crimson imps
  4 iguanas
  A giant frog zombie (D:5)
  Crazy Yiuf (D:2)
  2 jellies
  6 orc priests
  An orc wizard (D:5)
  Natasha (D:6)
  3 worker ants
  Robin (D:4)
  4 adders
  A giant mite (D:2)
  3 gnolls (D:2)
  5 worms
  2 adder skeletons (D:6)
  9 giant geckos
  An ooze (D:3)
  9 orcs
  2 ball pythons
  16 bats
  4 giant cockroaches
  16 hobgoblins
  7 jackals
  14 kobolds
  A quokka (D:5)
  4 giant newts
  12 goblins
  2 jackal zombies (D:5)
  15 rats
157 creatures vanquished.

Notes
Turn   | Place    | Note
--------------------------------------------------------------
     0 | D:1      | RobertPalmer, the Formicid Fighter, began the quest for the Orb.
     0 | D:1      | Reached XP level 1. HP: 18/18 MP: 1/1
    49 | D:1      | Reached XP level 2. HP: 10/24 MP: 3/3
   294 | D:1      | Reached skill level 3 in Axes
   353 | D:1      | Reached XP level 3. HP: 26/29 MP: 4/4
   621 | D:2      | Reached skill level 4 in Axes
   621 | D:2      | Reached XP level 4. HP: 35/35 MP: 5/5
   626 | D:2      | Noticed Sigmund
  1128 | D:2      | Found an iron altar of Okawaru.
  1136 | D:2      | Reached XP level 5. HP: 21/41 MP: 7/7
  1270 | D:2      | Found a sacrificial altar of Ru.
  1350 | D:2      | Reached skill level 5 in Axes
  1537 | D:2      | Noticed Crazy Yiuf
  1543 | D:2      | Killed Crazy Yiuf
  1875 | D:2      | Killed Sigmund
  1875 | D:2      | Reached skill level 6 in Axes
  1875 | D:2      | Reached XP level 6. HP: 44/47 MP: 8/8
  2250 | D:3      | Found a burning altar of Makhleb.
  2782 | D:4      | Reached XP level 7. HP: 45/52 MP: 9/9
  2838 | D:4      | Reached skill level 7 in Axes
  3182 | D:4      | Noticed Robin
  3188 | D:4      | Killed Robin
  3220 | D:4      | Found a sparkling altar of Nemelex Xobeh.
  3249 | D:4      | Reached skill level 8 in Axes
  4016 | D:4      | Found a staircase to the Ecumenical Temple.
  4035 | Temple   | Entered the Ecumenical Temple
  4084 | Temple   | Became a worshipper of Xom of Chaos
  4084 | Temple   | XOM: harmless Ice miscast
  4122 | D:4      | XOM: harmless Hex miscast
  4260 | D:5      | Entered Level 5 of the Dungeon
  4276 | D:5      | XOM: silly message
  4338 | D:5      | Reached XP level 8. HP: 55/58 MP: 11/11
  4525 | D:4      | XOM: silly message
  4834 | D:5      | XOM: mild Hex miscast
  4838 | D:5      | Reached skill level 9 in Axes
  5051 | D:5      | XOM: potion effect (might)
  5057 | D:5      | Got an encrusted leather armour
  5058 | D:5      | Identified the +0 leather armour of Kuits {Regen+ Int+4 SInv} (You found it on level 5 of the Dungeon)
  5534 | D:5      | XOM: mild Air miscast
  5583 | D:6      | Noticed Menkaure
  5588 | D:6      | Killed Menkaure
  5588 | D:6      | Reached skill level 10 in Axes
  5624 | D:6      | XOM: colour smoke trail
  5637 | D:6      | Noticed Natasha
  5648 | D:6      | XOM: enchant monster (good)
  5655 | D:6      | HP: 11/58 [white imp[Natasha] (5)]
  5656 | D:6      | Killed Natasha
  5675 | D:6      | Found a sand-covered staircase.
  5695 | Ossuary  | XOM: noise
  5695 | Ossuary  | Entered an ossuary
  5709 | Ossuary  | HP: 13/58 [decayed bog body (9)]
  5709 | Ossuary  | HP: 5/58 [decayed bog body (8)]
  5710 | Ossuary  | Reached XP level 9. HP: 5/64 MP: 12/12
  5712 | Ossuary  | HP: 2/64 [decayed bog body (3)]
  5712 | Ossuary  | Mangled by a decayed bog body

Action                   |  1- 3 |  4- 6 |  7- 9 || total
-------------------------+-------+-------+-------++-------
Melee: War axe           |    84 |   156 |   272 ||   512
  Use: Scroll            |     3 |     1 |    13 ||    17
       Potion            |       |       |     6 ||     6
 Stab: Petrifying        |       |       |     1 ||     1
  Eat: Chunk             |       |     5 |    11 ||    16

Vault maps used:
D:1:      dpeg_arrival_arbitrary_b
D:2:      serial_park_square1, lemuel_round_altar, first_bread,
          okawaru_altar_gauntlet_db, uniq_crazy_yiuf_cottage, uniq_sigmund
D:3:      tgw_sif, serial_co_window_serial, co_window_paths_a,
          co_window_corner_a, co_window_paths_a, co_window_corner_a,
          co_window_of_opportunity_a, co_window_broadway_c, co_window_corner_b,
          co_window_broadway_a, co_window_of_opportunity_b, co_window_4corner_b,
          glass_columns_a, glass_columns_a, glass_columns_a, lemuel_statue_altar
D:4:      temple_green, nemelex_lonely_heart_becter, uniq_robin
D:5:      minmay_stone_trees_small
D:6:      elyvilon_altar_5, serial_shops, shop,
          lightli_ossuary_entry_decrepit_ruins, uniq_menkaure, uniq_natasha,
          uniq_prince_ribbit1
Temple:   triangle_lava_temple_11
Ossuary:  ossuary_zaba_flooded

Table legend:
 A = Turns spent in this place as a percentage of turns spent in the entire game.
 B = Non-inter-level travel turns spent in this place as a percentage of non-inter-level travel turns spent in the entire game.
 C = Inter-level travel turns spent in this place as a percentage of turns spent in this place.
 D = Turns resting spent in this place as a percentage of non-inter-level travel turns spent in this place.
 E = Turns spent auto-exploring this place as a percentage of non-inter-level travel turns spent in this place.
 F = Non-inter-level travel turns spent in this place divided by the number of levels of this place that you've seen.
                   A       B       C       D       E      F
               +-------+-------+-------+-------+-------+----------------------
         Total | 100.0 | 100.0 |   0.5 |   2.1 |   9.8 | 242.2
       Dungeon |  96.6 |  96.6 |   0.5 |   2.0 |  10.1 | 312.0
        Temple |   2.4 |   2.4 |   0.0 |   0.0 |   0.0 |  47.0
       Ossuary |   1.0 |   1.0 |   0.0 |  15.8 |   0.0 |  19.0
               +-------+-------+-------+-------+-------+----------------------

Table legend:
 A = Kills in this place as a percentage of kills in entire the game.
 B = Kills by you in this place as a percentage of kills by you in the entire game.
 C = Kills by friends in this place as a percentage of kills by friends in the entire game.
 D = Other kills in this place as a percentage of other kills in the entire game.
 E = Experience gained in this place as a percentage of experience gained in the entire game.
 F = Experience gained in this place divided by the number of levels of this place that you have seen.
                   A       B       C       D       E      F
               +-------+-------+-------+-------+-------+----------------------
         Total | 100.0 | 100.0 |  -nan |  -nan | 100.0 | 250.4
       Dungeon |  98.7 |  98.7 |  -nan |  -nan |  95.2 | 317.7
       Ossuary |   1.3 |   1.3 |  -nan |  -nan |   4.8 |  97.0
               +-------+-------+-------+-------+-------+----------------------
